 Dungeon Crawl Stone Soup version 0.29-a0-823-gc37b1572da (webtiles) character file.

Game seed: 8218251362777125646

58885 buhh the Spry (level 14, 0/82 HPs)
             Began as a Felid Transmuter on July 8, 2022.
             Was a High Priest of Cheibriados.
             Slain by a salamander
             ... wielding a +0 spear
              (16 damage)
             ... on level 1 of the Snake Pit.
             The game lasted 01:52:38 (40184 turns).

buhh the Spry (Felid Transmuter)                   Turns: 40184, Time: 01:52:38

Health: 0/82       AC: 14    Str: 20    XL:     14   Next: 51%
Magic:  0/24       EV: 26    Int: 45    God:    Cheibriados [*****.]
Gold:   2177       SH:  0    Dex: 31    Spells: 4/17 levels left
                                        Lives:  0   Deaths: 2

rFire   x . .      SeeInvis +     - Unarmed
rCold   + + +      Faith    .   (shield unavailable)
rNeg    . . .      Spirit   +   (body armour unavailable)
rPois   +          Reflect  .   (helmet unavailable)
rElec   .          Harm     .   (cloak unavailable)
rCorr   .          Rampage  .   (gloves unavailable)
Will    ++...                   (boots unavailable)
Stlth   ++++++....              F - amulet of guardian spirit
HPRegen 0.23/turn               I - +6 ring of intelligence
MPRegen 0.19/turn               d - +6 ring of intelligence

@: ice-form, studying Stealth, very slow
A: freezing attack, amphibious, boosted hp, large, (claws 1), (fangs 3), see
invisible, (speed 1), (shaggy fur 3), (stealthy paws), no weapons or thrown
items, no armour, multi-lived
a: End Transformation, Renounce Religion, Bend Time, Temporal Distortion,
Slouch, Step From Time


You were on level 1 of the Snake Pit.
You worshipped Cheibriados.
Cheibriados was extremely pleased with you.
You were a creature of crystalline ice.
You visited 5 branches of the dungeon, and saw 24 of its levels.

You collected 2585 gold pieces.
You spent 408 gold pieces at shops.

Inventory:

Missiles
 q - 4 curare-tipped darts
 v - 17 poisoned darts
Jewellery
 c - the ring "Ojuamo" {Fly rN+ Str+4 SInv}
   (You found it on level 5 of the Lair of Beasts)

   [ring of positive energy]

   Str:       It affects your strength (+4).
   rN:        It protects you from negative energy.
   SInv:      It lets you see invisible.
   Fly:       It grants you flight.
 d - a +6 ring of intelligence (right front paw)
 g - a ring of magical power
 m - a ring of resist corrosion
 o - a ring of flight
 s - a ring of protection from cold
 y - a ring of protection from fire
 B - a +4 ring of evasion
 D - a ring of protection from cold
 E - a ring of poison resistance
 F - an amulet of guardian spirit (around neck)
 I - a +6 ring of intelligence (left front paw)
 L - a ring of magical power
Wands
 e - a wand of paralysis (4)
 j - a wand of mindburst (12)
 n - a wand of digging (13)
 A - a wand of polymorph (5)
 J - a wand of flame (14)
 M - a wand of acid (4)
Scrolls
 f - 5 scrolls of vulnerability
 h - 5 scrolls of fog
 t - 3 scrolls of immolation {!d}
 w - 4 scrolls of amnesia
 x - a scroll of teleportation {!d}
 C - a scroll of noise
 H - a scroll of magic mapping {!r!d}
 K - 2 scrolls of silence {!r}
Potions
 a - a potion of resistance {!q!d}
 b - 5 potions of mutation {!d}
 i - 6 potions of attraction
 k - 2 potions of ambrosia {!q!d}
 l - a potion of degeneration {unknown}
 p - 2 potions of brilliance {!q!d}
 r - 2 potions of flight
 u - a potion of might
 G - 3 potions of curing {!q!d}
Miscellaneous
 z - a phantom mirror (inert)


   Skills:
 - Level 12.0 Fighting
 * Level 15.5 Dodging
 * Level 11.9 Stealth
 - Level 12.0 Unarmed Combat
 - Level 2.0 Spellcasting
 * Level 13.4 Transmutations
 - Level 9.0 Ice Magic
 - Level 13.0 Invocations


You had 4 spell levels left.
You knew the following spells:

 Your Spells              Type           Power      Damage    Failure   Level
a - Beastly Appendage     Tmut           100%       N/A       0%          1
b - Wereblood             Tmut           90%        N/A       1%          2
c - Spider Form           Tmut/Pois      60%        N/A       1%          3
d - Ice Form              Ice/Tmut       81%        N/A       1%          4
e - Ozocubu's Armour      Ice            71%        N/A       1%          3

Your spell library contained the following spells:

 Spells                   Type           Power      Damage    Failure   Level
 Apportation              Tloc           8%         N/A       2%          1
 Magic Dart               Conj           16%        1d3       2%          1
 Necrotise                Necr           16%        1d4       2%          1
 Summon Small Mammal      Summ           16%        N/A       2%          1
 Call Imp                 Summ           4%         N/A       4%          2
 Scorch                   Fire           8%         2d5       4%          2
 Dazzling Flash           Conj/Hex       8%         N/A       9%          3
 Mephitic Cloud           Conj/Pois/Air  4%         N/A       9%          3
 Flame Wave               Conj/Fire      4%         2d5       28%         4
 Iskenderun's Mystic Bla  Conj/Tloc      4%         2d3       28%         4
 Alistair's Intoxication  Tmut/Pois      40%        N/A       4%          5
 Metabolic Englaciation   Hex/Ice        22%        N/A       12%         5
 Eringya's Noxious Bog    Tmut/Pois      30%        N/A       28%         6
 Simulacrum               Ice/Necr       22%        N/A       56%         6
 Borgnjor's Vile Clutch   Necr/Erth      2%         N/A       61%         5
 Starburst                Conj/Fire      2%         6d3       99%         6
 Summon Cactus Giant      Summ           2%         N/A       99%         6


Dungeon Overview and Level Annotations

Branches:
Dungeon (14/15) Zot: 39436  Temple (1/1) D:7 Zot: 8954    Lair (6/6) D:9 Zot: 31665
  Swamp (0/4) Lair:2        Snake (1/4) Lair:4 Zot: 8575   Slime (0/5) Lair:5
    Orc (2/2) D:11 Zot: 24078     Elf (0/3) Orc:2        Vaults (0/5) D:13

Altars:
Ashenzari
Cheibriados
Dithmenos
Elyvilon
Fedhas
Gozag
Hepliaklqana
Kikubaaqudgha
Makhleb
Nemelex Xobeh
Okawaru
Qazlal
Ru
Trog
Uskayaw
Vehumet
Wu Jian
Xom
Yredelemnul
Zin
The Shining One
Jiyva

Shops:
D:7 :   Orc:2 ([*=

Annotations:
D:3 Ijyb
D:4 exclusions: ball python and jelly, Menkaure, Sigmund
D:5 Dowan; Edmund
D:6 3 runed translucent doors, exclusions: downstairs and orc warrior, Orthodox's ghost, novice DsFE; jimonade's ghost, novice FoFi; nxtlvl's ghost, novice NaGl
D:7 Prince Ribbit
D:10 1 runed translucent door, nicolae's ghost, novice OpTm
D:12 Jorgrun
D:13 1 runed translucent door, 1 exclusion, Frances
Lair:6 exclusions: obsidian statue and 2 oklob plants
Orc:1 Gastronok


Innate Abilities, Weirdness & Mutations

You are a creature of crystalline ice.
You have a powerful freezing melee attack.
You are amphibious.
Your maximum health is increased.
((You have sharp claws.))
((You have razor-sharp teeth.))
You have supernaturally acute eyesight. (SInv)
((You cover ground quickly. (Speed+)))
((Your thick and shaggy fur keeps you warm. (AC +3, rC+)))
((Your paws help you pounce on unaware monsters.))
You are incapable of wielding weapons or throwing items.
You cannot wear armour.
You gain extra lives every three experience levels.


Message History

The mana viper is severely wounded.
Your mana viper closely misses the salamander.
You hit the mana viper. You freeze the mana viper.
The mana viper is almost dead.
Your mana viper bites the salamander.
The salamander misses you. The mana viper completely misses you.
You hit the mana viper.
The mana viper seems to slow down.
You freeze the mana viper.
The mana viper is almost dead.
Your mana viper barely misses the salamander.
The salamander hits you but does no damage.
The mana viper bites you!
You feel your power leaking away.
You pummel the mana viper!! You freeze the mana viper.
You kill the mana viper!
Cheibriados appreciates the change of pace.
Your mana viper bites the salamander!
The salamander hits you from afar with a +0 spear!
You are engulfed in flames!!
The fire burns you terribly!
* * * LOW HITPOINT WARNING * * *
Your mana viper barely misses the salamander.
Really quaff
G - 4 potions of curing {!q!d}?
You feel better.
Your mana viper bites the salamander.
The salamander hits your mana viper with a +0 spear!!
Your mana viper is engulfed in flames!
What are your orders? t - Meow!
Orders for allies: a - Attack new target. p - Attack previous target. r - Retreat! s - Stop attacking. g - Guard the area. f - Follow me.
Anything else - Cancel.
Gang up on whom?
Press: ? - help, Dir - move target, f/p - salamander
Aim: a salamander, wielding a +0 spear (moderately wounded, not watching you, ally target)
Okay, then.
Your mana viper shimmers and vanishes!
The salamander hits you from afar with a +0 spear.
* * * LOW HITPOINT WARNING * * *
You are engulfed in flames!
The fire burns you terribly!
You die...

..#.NN.. .## .
....#.#...### #.##
#....#...... ..#
##.#.#...... # #.###
#........... ### #...#
#.........# ).# #...###
#....##....# #.##
#.....#######$.#..#.#
#[<####...#.....Y.N)......#
##........#...##......#####
########.....##.######
##.......# ##....### #....#
##.#...# #.....# ###...#


You could see a salamander.

Vanquished Creatures
  An orc warlord (Orc:2)
  An ettin (Orc:2)
  Josephine (Snake:1)
  A vault guard (D:13)
  8 hydras
  6 boulder beetles
  An anaconda (Snake:1)
  3 catoblepae (Lair:2)
  4 two-headed ogres
  2 centaur warriors (D:13)
  5 orc high priests (Orc:2)
  6 death yaks
  Sonja (D:12)
  Lodul (D:12)
  3 naga ritualists (Snake:1)
  2 lindwurms
  5 deep elf pyromancers (Orc:1)
  2 deep elf zephyrmancers (Orc:1)
  2 necromancers (Lair:6)
  3 orc knights (Orc:2)
  5 ugly things
  5 orc sorcerers
  8 mana vipers (Snake:1)
  2 wolf spiders (Lair:3)
  2 manticores
  4 cyclopes
  2 naga magi (Snake:1)
  A dire elephant zombie (Lair:6)
  11 elephants
  11 black mambas
  29 cane toads
  A gargoyle (D:12)
  A dire elephant skeleton (Lair:6)
  5 torpor snails
  A kobold demonologist (D:10)
  9 rime drakes
  15 komodo dragons
  5 polar bears
  7 trolls
  A hornet (D:10)
  4 blink frogs (Lair:3)
  19 dream sheep
  A spectral elephant (Lair:6)
  2 slime creatures (D:13)
  A water elemental (D:13)
  4 shadows
  9 wraiths
  Eustachio (D:5)
  A vampire (D:12)
  9 wyverns
  5 basilisks
  Grum (D:8)
  47 yaks
  8 vampire mosquitoes
  2 wargs
  2 spectral cane toads (Lair:6)
  6 nagas
  16 water moccasins
  Duvessa (D:5)
  30 orc warriors
  An ice beast (D:7)
  2 sky beasts
  5 black bears
  3 elephant zombies (Lair:6)
  19 ogres
  7 wolves
  6 centaurs
  A phantom (D:7)
  4 elephant skeletons (Lair:6)
  8 kobold brigands
  Blork the orc (D:4)
  A necrophage (D:5)
  15 bullfrogs
  6 wights
  5 scorpions
  An elephant simulacrum (Lair:6)
  4 killer bees (D:6)
  6 howler monkeys
  An electric eel (Orc:1)
  5 hounds
  A jelly (D:5)
  2 gnoll boudas
  16 orc priests
  5 hell rats (Lair:4)
  Natasha (thrice) (D:3)
  2 iguanas (D:4)
  27 orc wizards
  Robin (D:3)
  13 gnolls
  4 adders
  A shadow imp (D:6)
  A white imp (D:7)
  2 ufetubi
  3 worms
  2 dart slugs
  72 orcs
  5 ball pythons
  7 bats
  7 endoplasms
  A giant cockroach (D:1)
  27 goblins
  12 hobgoblins
  2 jackals (D:2)
  4 quokkas
  2 frilled lizards
  23 kobolds
  7 rats
  2 butterflies
707 creatures vanquished.

Vanquished Creatures (others)
  An ogre mage (D:13)
  A deep elf pyromancer (Orc:1)
  55 fungi
  93 plants
  28 withered plants (Lair:6)
178 creatures vanquished.

Grand Total: 885 creatures vanquished

Notes
Turn   | Place    | Note
-------+----------+-------------------------------------------
     0 | D:1      | buhh the Felid Transmuter began the quest for the Orb.
     0 | D:1      | Reached XP level 1. HP: 9/9 MP: 4/4
   230 | D:1      | Reached XP level 2. HP: 11/12 MP: 4/6
   329 | D:1      | Reached skill level 3 in Dodging
  1190 | D:1      | Learned a level 2 spell: Wereblood
  1742 | D:2      | Found a faded altar of an unknown god.
  1812 | D:2      | Reached XP level 3. HP: 15/15 MP: 5/7
  2537 | D:3      | Found a broken altar of Ashenzari.
  2537 | D:3      | Noticed Ijyb
  3023 | D:3      | Noticed Robin
  3114 | D:3      | Noticed Natasha
  3151 | D:4      | Noticed Menkaure
  3165 | D:4      | Noticed a wight
  3167 | D:4      | Noticed a kobold brigand
  3191 | D:3      | Killed Natasha
  3192 | D:3      | Reached XP level 4. HP: 9/19 MP: 6/8
  3482 | D:3      | Noticed Natasha
  3519 | D:3      | Learned a level 3 spell: Spider Form
  3536 | D:3      | Killed Natasha
  3676 | D:3      | Noticed Natasha
  3693 | D:3      | Killed Natasha
  4014 | D:3      | Reached XP level 5. HP: 22/22 MP: 9/9
  4098 | D:3      | Reached skill level 4 in Dodging
  4531 | D:3      | Killed Robin
  4625 | D:3      | You fall into a shaft and drop 3 floors!
  4683 | D:5      | Entered Level 5 of the Dungeon
  5481 | D:4      | Noticed Blork the orc
  5493 | D:4      | Killed Blork the orc
  5494 | D:4      | Gained mutation: You are covered in thick fur. (AC +2)
                  | [Felid growth]
  5494 | D:4      | Reached XP level 6. HP: 21/27 MP: 10/10
  5583 | D:4      | Noticed a sky beast
  6052 | D:4      | Reached skill level 5 in Dodging
  6350 | D:4      | Reached skill level 5 in Transmutations
  6350 | D:4      | Reached XP level 7. HP: 18/31 MP: 11/11
  6777 | D:4      | Found an opulent altar of Gozag.
  6864 | D:4      | Learned a level 4 spell: Ice Form
  6956 | D:4      | Noticed Sigmund
  7826 | D:5      | Noticed Edmund
  8532 | D:6      | Found a runed translucent gate.
  8567 | D:6      | Found a runed translucent gate.
  8569 | D:6      | Found a runed translucent gate.
  8575 | D:6      | Noticed jimonade's ghost (novice FoFi)
  8575 | D:6      | Noticed nxtlvl's ghost (novice NaGl)
  8576 | D:6      | Noticed Orthodox's ghost (novice DsFE)
  8946 | D:6      | Identified the +2 cloak of Indecent Exposure {Str+4}
  9246 | D:6      | Reached skill level 6 in Dodging
  9246 | D:6      | Reached skill level 5 in Unarmed Combat
  9246 | D:6      | Reached XP level 8. HP: 30/36 MP: 12/12
  9804 | D:7      | Noticed Prince Ribbit
 10044 | D:5      | Noticed Eustachio
 10069 | D:5      | Killed Eustachio
 10070 | D:5      | Reached skill level 5 in Stealth
 10083 | D:5      | Found an ornate altar of the Wu Jian Council.
 10284 | D:5      | Found a stormy altar of Qazlal.
 10284 | D:5      | Found a glowing golden altar of the Shining One.
 10334 | D:5      | Noticed Duvessa
 10687 | D:5      | Noticed Dowan
 10903 | D:5      | Killed Duvessa
 10904 | D:5      | Reached skill level 7 in Dodging
 11150 | D:7      | Found Japiar's Book Shop.
 11223 | D:6      | Found a shimmering altar of Xom.
 11312 | D:6      | Reached skill level 5 in Fighting
 11776 | D:6      | Reached XP level 9. HP: 25/40 MP: 13/13
 12390 | D:7      | Found a staircase to the Ecumenical Temple.
 12414 | Temple   | Entered the Ecumenical Temple
 12438 | Temple   | Became a worshipper of Cheibriados the Contemplative
 12987 | D:7      | Reached skill level 8 in Dodging
 13083 | D:7      | Found a hazy altar of Hepliaklqana.
 13298 | D:8      | Noticed Grum
 13321 | D:8      | Noticed a two-headed ogre
 13333 | D:8      | Killed a two-headed ogre
 14182 | D:8      | Reached * piety under Cheibriados
 14503 | D:7      | Found an iron altar of Okawaru.
 14626 | D:7      | Reached skill level 8 in Unarmed Combat
 14903 | D:8      | Found a burning altar of Makhleb.
 15062 | D:8      | Reached skill level 8 in Fighting
 15064 | D:8      | Reached XP level 10. HP: 47/48 MP: 14/14
 15074 | D:8      | Killed Grum
 15363 | D:9      | Reached ** piety under Cheibriados
 15940 | D:9      | Found a staircase to the Lair.
 16052 | D:9      | Reached skill level 8 in Transmutations
 17086 | D:9      | Reached *** piety under Cheibriados
 17315 | D:10     | Entered Level 10 of the Dungeon
 17828 | D:10     | Reached skill level 9 in Dodging
 17830 | D:10     | Reached skill level 5 in Ice Magic
 17900 | D:10     | Found a bloodstained altar of Trog.
 18268 | Lair:1   | Entered Level 1 of the Lair of Beasts
 18376 | Lair:1   | Reached **** piety under Cheibriados
 18377 | Lair:1   | Reached XP level 11. HP: 51/51 MP: 15/15
 18476 | Lair:1   | Reached skill level 10 in Dodging
 18586 | Lair:1   | Reached skill level 8 in Stealth
 19008 | Lair:1   | Noticed a seven-headed hydra
 19024 | Lair:1   | Killed a seven-headed hydra
 19661 | Lair:2   | Reached skill level 10 in Transmutations
 19826 | Lair:2   | Noticed a boulder beetle
 20299 | Lair:2   | Noticed a catoblepas
 20322 | Lair:2   | Reached skill level 10 in Stealth
 20482 | Lair:3   | Identified the +9 scale mail "Erreut" {Dex+5}
 20542 | Lair:3   | Reached skill level 5 in Invocations
 20831 | Lair:3   | Noticed a lindwurm
 20838 | Lair:3   | Killed a lindwurm
 20839 | Lair:3   | Gained mutation: Your thick and shaggy fur keeps you warm.
                  | (AC +3, rC+) [Felid growth]
 20839 | Lair:3   | Reached XP level 12. HP: 55/55 MP: 4/17
 21641 | Lair:3   | Reached skill level 8 in Invocations
 22513 | Lair:4   | Found a staircase to the Snake Pit.
 23239 | Lair:5   | Identified the ring "Ojuamo" {Fly rN+ Str+4 SInv}
 23334 | Lair:5   | Found a viscous altar of Jiyva.
 23334 | Lair:5   | Found a staircase to the Slime Pits.
 23379 | Lair:5   | Reached skill level 11 in Dodging
 23627 | Lair:5   | Found the +4 skin of Zhor {*Englaciate rC+++ SInv}
 23646 | Lair:5   | Reached XP level 13. HP: 57/60 MP: 14/20
 23863 | Lair:5   | Reached ***** piety under Cheibriados
 23889 | Lair:5   | Reached skill level 12 in Dodging
 24707 | Lair:6   | Entered Level 6 of the Lair of Beasts
 24869 | Lair:6   | Reached skill level 10 in Fighting
 24869 | Lair:6   | Reached skill level 10 in Unarmed Combat
 25597 | Lair:6   | Reached skill level 13 in Dodging
 25965 | Lair:6   | Noticed a dire elephant
 25965 | Lair:6   | Noticed a dire elephant
 25966 | Lair:6   | Noticed a dire elephant
 27047 | Lair:2   | Found a staircase to the Swamp.
 28091 | D:10     | Found a runed translucent door.
 28096 | D:10     | Noticed nicolae's ghost (novice OpTm)
 28414 | D:11     | Reached XP level 14. HP: 67/67 MP: 17/21
 28707 | D:11     | Reached skill level 14 in Dodging
 28836 | D:11     | Found a staircase to the Orcish Mines.
 29217 | Orc:1    | Entered Level 1 of the Orcish Mines
 29364 | Orc:1    | Killed from afar by a deep elf pyromancer
 29365 | Orc:1    | Reached XP level 13. HP: -12/75 MP: 0/20
 29836 | D:12     | Noticed Jorgrun
 30023 | D:12     | Noticed Lodul
 31030 | D:13     | Learned a level 3 spell: Ozocubu's Armour
 31083 | D:13     | Noticed Frances
 31193 | D:13     | Found a runed translucent door.
 31298 | D:13     | Noticed an ettin
 31985 | D:13     | Reached skill level 15 in Dodging
 32032 | D:13     | Found a gate to the Vaults.
 32675 | Orc:1    | Noticed Gastronok
 32707 | Orc:2    | Entered Level 2 of the Orcish Mines
 32932 | Orc:2    | Reached XP level 14. HP: 69/69 MP: 4/21
 33280 | Orc:2    | Reached ****** piety under Cheibriados
 33293 | Orc:2    | Reached skill level 8 in Ice Magic
 33295 | Orc:2    | Noticed an orc warlord
 33312 | Orc:2    | Killed an orc warlord
 33355 | Orc:2    | Reached skill level 10 in Invocations
 33970 | Orc:2    | Found a staircase to the Elven Halls.
 34095 | Orc:2    | Found Neipsaam's Antique Armour Boutique.
 34096 | Orc:2    | Found Gezaa's Antique Weapon Boutique.
 34098 | Orc:2    | Found Yricuwu's General Store.
 34098 | Orc:2    | Found Pyid's Jewellery Shop.
 34124 | Orc:2    | Bought a potion of curing for 33 gold pieces
 34125 | Orc:2    | Bought a ring of protection from fire for 375 gold pieces
 34428 | D:12     | Killed Lodul
 34716 | D:12     | Noticed Sonja
 34890 | D:12     | Killed Sonja
 34958 | D:12     | Found a sacrificial altar of Ru.
 35006 | D:12     | Killed from afar by Jorgrun
 35007 | D:12     | Reached XP level 13. HP: -3/64 MP: 0/22
 36760 | Lair:2   | Identified the +2 double sword of Laceration {vamp, rPois
                  | rF+ rC+}
 38137 | Lair:6   | Reached XP level 14. HP: 69/69 MP: 19/24
 39453 | Snake:1  | Entered Level 1 of the Snake Pit
 39724 | Snake:1  | Noticed Josephine
 39742 | Snake:1  | Killed Josephine
 40184 | Snake:1  | Slain by a salamander

Illustrated notes

Levels and vault maps discovered:
D:1:      heliophobic_arrival_glass_houses, layout_loops_ring
D:2:      layout_rooms, dreamdust_ecumenical_altar_grove
D:3:      layout_basic, amcnicky_altar_gilded, serial_bayou_lagoon_b,
          uniq_natasha, uniq_robin, uniq_ijyb
D:4:      layout_loops_ring, nicolae_gozag_seed_capital, minmay_manual_moon,
          uniq_sigmund, uniq_blork_the_orc, uniq_menkaure
D:5:      layout_basic, nicolae_wu_jian_immortal_techniques,
          jmf_multi_god_temple, minivault_1, minmay_ogre_servants, uniq_duvessa,
          uniq_edmund, uniq_eustachio
D:6:      hellmonk_destroyed_diamonds, layout_basic, xom_butterflies,
          kennysheep_orc_sif_temple, gammafunk_ghost_cemetery
D:7:      layout_rooms, mainiacjoe_overflow_concentric_impassable,
          okawaru_gym_becter, minmay_temple_entry_wispy, serial_shops, shop,
          uniq_prince_ribbit1
D:8:      layout_basic, lightli_temple_of_fire, uniq_grum
D:9:      layout_roguey, grunt_lair_entry_orc_guard_hut, enter_bailey_5
D:10:     layout_roguey, mainiacjoe_overflow_alcove_2,
          ebering_ghost_reflecting_pool
D:11:     layout_grid_maze, david_orc_3
D:12:     minmay_the_grid_octo_2x2 [minmay_the_grid_octo_empty,
          minmay_the_grid_octo_focus, minmay_the_grid_octo_vomiting_pacman,
          minmay_the_grid_octo_prize_big_c], layout_basic, uniq_lodul,
          uniq_sonja, uniq_jorgrun
D:13:     lemuel_traditional_vault, layout_rooms, david_vaults_5,
          ebering_ghost_reflecting_pool, small_chamber_with_monster,
          uniq_frances
D:14:     kennysheep_funnel, layout_long_grid, minmay_misc_feat_nine_boxes,
          enter_trove_6, tgw_fedhas, uniq_kirke, uniq_snorg
Temple:   nicolae_temple_ecumenical_triangle
Lair:1:   layout_loops_ring, lightli_volcano_entry_magma_tube
Lair:2:   nzn_winding_woodlands_large [nzn_winding_woodlands_5x5_checkerboard,
          nzn_winding_woodlands_5x15_river_crossing,
          nzn_winding_woodlands_5x5_cross,
          nzn_winding_woodlands_center_pierced_h,
          nzn_winding_woodlands_15x15_boxy_spiral,
          nzn_winding_woodlands_center_triple_pond,
          nzn_winding_woodlands_5x5_closed_star,
          nzn_winding_woodlands_5x15_zeroes, nzn_winding_woodlands_5x5_default],
          layout_gridlike, swamp_mist, lemuel_fruit_fields
Lair:3:   layout_small_grid, nicolae_lair_run_with_the_wolves,
          lemuel_fruit_tree, grunt_megastairs_1
Lair:4:   layout_gridlike, guppyfry_snake_entry_garden,
          chequers_serial_rivers_micro_c, beast_lair_carwin_11
Lair:5:   layout_regular_city, slime_entry_1, hellmonk_guarded_unrand_zhor,
          serial_bayou_shore_b
Lair:6:   due_jungle_book, layout_gridlike, minmay_stone_trees_small,
          dpeg_oklob_1
Snake:1:  layout_misc_corridors, uniq_josephine
Orc:1:    layout_diamond_mine, basic_altar, elves_outpost_lemuel, uniq_gastronok
Orc:2:    st_orc_congregation, layout_caves, basic_altar

Skill      XL: |  1  2  3  4  5  6  7  8  9 10 11 12 13 14 |
---------------+-------------------------------------------+-----
Stealth        | 1 2 3 4 7 10 11 | 11.9
Dodging        | 3 4 5 6 7 8 9 10 11 15 14 | 15.5
Fighting       | 2 3 4 5 8 9 12 | 12.0
Transmutations | 3 4 5 9 11 13 | 13.4
Unarmed Combat | 4 5 6 8 9 12 | 12.0
Ice Magic      | 2 4 5 6 7 9 |  9.0
Invocations    | 6 8 12 13 | 13.0
Spellcasting   | |  2.0

Action                   |  1- 3 |  4- 6 |  7- 9 | 10-12 | 13-15 || total
-------------------------+-------+-------+-------+-------+-------++-------
Melee: Unarmed           |   106 |   166 |   340 |   518 |   974 ||  2104
       Headbutt          |    18 |    20 |     9 |       |       ||    47
       Bite              |    13 |    11 |     6 |     1 |     8 ||    39
       Punch             |     1 |       |     1 |     1 |     1 ||     4
 Cast: Beastly Appendage |    45 |    20 |     6 |     2 |       ||    73
       Wereblood         |       |     2 |     3 |    10 |    17 ||    32
       Spider Form       |       |    14 |    44 |     8 |     3 ||    69
       Ice Form          |       |       |    11 |    64 |   163 ||   238
       Ozocubu's Armour  |       |       |       |       |    13 ||    13
Invok: Slouch            |       |       |       |     5 |    13 ||    18
       Step From Time    |       |       |       |       |     2 ||     2
 Abil: End Transformatio |       |     1 |       |       |       ||     1
Evoke: Wand              |       |       |     6 |     5 |    19 ||    30
       Phantom mirror    |       |       |       |       |     1 ||     1
  Use: Potion            |     1 |     4 |     4 |     4 |    12 ||    25
       Scroll            |     4 |     3 |     5 |     9 |    15 ||    36
 Stab: Sleeping          |     4 |     3 |     4 |     9 |    16 ||    36
       Distracted        |       |       |       |     2 |     1 ||     3
       Paralysed         |       |       |       |     4 |     8 ||    12
       Petrified         |       |       |       |       |     4 ||     4
Armor: Skin              |     6 |     5 |    26 |    74 |   186 ||   297
Dodge: Dodged            |    71 |   105 |   298 |   461 |   968 ||  1903

Table legend: (Time is in decaauts)
 A = Elapsed time spent in this place.
 B = Non-inter-level travel time spent in this place.
 C = Inter-level travel time spent in this place.
 D = Time resting spent in this place.
 E = Time spent auto-exploring this place.
 F = Levels seen in this place.
 G = Mean time per level.
                   A        B        C        D        E       F      G
               +--------+--------+--------+--------+--------+-----+--------+
         Total |  46337 |  43714 |   2623 |  13362 |  18606 |  24 | 1930.7 |
       Dungeon |  25875 |  24495 |   1380 |   9372 |   8065 |  14 | 1848.2 |
        Temple |     36 |     20 |     16 |      0 |      9 |   1 |   36.0 |
          Lair |  17078 |  16015 |   1063 |   3660 |   8862 |   6 | 2846.3 |
     Snake Pit |    424 |    424 |      0 |      0 |    173 |   1 |  424.0 |
  Orcish Mines |   2922 |   2759 |    163 |    329 |   1495 |   2 | 1461.0 |
               +--------+--------+--------+--------+--------+-----+--------+

Top non-repeatable levels by time:
  Lair:6: 3775 daAuts
  Lair:2: 3317 daAuts
  Lair:5: 3071 daAuts
  Lair:4: 2745 daAuts
     D:9: 2706 daAuts
     D:6: 2485 daAuts
     D:3: 2481 daAuts
    D:13: 2390 daAuts
    D:11: 2380 daAuts
    D:12: 2271 daAuts
  Lair:3: 2266 daAuts
     D:4: 2154 daAuts
   Orc:2: 1973 daAuts
     D:8: 1967 daAuts
  Lair:1: 1902 daAuts
